 Dungeon Crawl Stone Soup version 0.20-a0-303-g575bbf7 (webtiles) character file.

201 Da5id the Ruffian (level 5, -1/38 HPs)
             Began as a Demonspawn Gladiator on Dec 17, 2016.
             Slain by Sigmund
             ... wielding a +0 scythe
              (6 damage)
             ... on level 3 of the Dungeon.
             The game lasted 00:03:27 (4143 turns).

Da5id the Ruffian (Demonspawn Gladiator)            Turns: 4143, Time: 00:03:28

Health: -1/38      AC:  4    Str: 16    XL:     5   Next: 50%
Magic:  5/5        EV: 12    Int: 10    God:
Gold:   112        SH:  0    Dex: 13    Spells: 4/4 levels left

rFire  . . .     SeeInvis .       - Unarmed
rCold  . . .     Gourm    .     a - +0 leather armour
rNeg   . . .     Faith    .     (no shield)
rPois  .         Spirit   .     b - +0 helmet
rElec  .         Reflect  .     (no cloak)
rCorr  .         Harm     .     (no gloves)
MR     .....                    (no boots)
Stlth  ++........               (no amulet)
                                (no ring)
                                (no ring)

@: no status effects
A: claws 1, nightstalker 1
a: no special abilities


You were on level 3 of the Dungeon.
You were not hungry.

You visited 1 branch of the dungeon, and saw 3 of its levels.

You collected 112 gold pieces.

Inventory:

Missiles
 c - 3 throwing nets (quivered)
Armour
 a - a +0 leather armour (worn)
 b - a +0 helmet (worn)
Scrolls
 g - a scroll of identify
 j - a scroll of magic mapping
 l - a scroll of teleportation
 n - a scroll of blinking {unknown}
Potions
 e - a potion of cancellation
 k - a potion of magic
Comestibles
 d - 2 bread rations
 f - 2 beef jerkies
 i - a royal jelly
 m - a slice of pizza


   Skills:
 - Level 2.0 Fighting
 - Level 1.7 Throwing
 - Level 2.6 Dodging
 + Level 5.7 Unarmed Combat


You had 4 spell levels left.
You didn't know any spells.

Dungeon Overview and Level Annotations

Branches:
Dungeon (3/15)

Altars:

Annotations:
D:3 Natasha, Sigmund


Innate Abilities, Weirdness & Mutations

You have sharp fingernails.
You are slightly more attuned to the shadows.


Message History

Sigmund is heavily wounded.
Sigmund misses you.
Natasha mumbles some strange words.
You scratch Sigmund but do no damage.
Sigmund is heavily wounded.
Sigmund casts a spell at you. The magic dart hits you!
* * * LOW HITPOINT WARNING * * *
You scratch Sigmund.
Sigmund is severely wounded.
Sigmund is no longer unusually agile.
Sigmund barely misses you.
You scratch Sigmund but do no damage.
Sigmund is severely wounded.
The white imp disappears in a puff of smoke!
Natasha wildly gestures.
Natasha's front paws start to glow.
You closely miss Sigmund.
Sigmund is severely wounded.
Sigmund hits you with a scythe.
You die...

#.##############.#
#........ #.#
#.######. #.# #.#
#.# #.# #.## ..#
#..# ### ##.# ....
#.# .... #@# ####
.# #@# ##### .#
#h# #...# .# #5#
....###.#### #.#
#........... >.#
........### ###
######..# #..#


You could see Sigmund, Natasha and a white imp.

Vanquished Creatures
  A hound (D:3)
  An orc wizard (D:3)
  Ijyb (D:3)
  2 adders (D:1)
  An ooze (D:1)
  A worm (D:3)
  2 dart slugs (D:2)
  2 leopard geckos (D:3)
  4 orcs (D:3)
  A ball python (D:3)
  6 bats
  3 giant cockroaches
  7 goblins
  12 hobgoblins
  9 jackals
  12 kobolds
  2 quokkas (D:3)
  5 frilled lizards
  3 rats
75 creatures vanquished.

Notes
Turn   | Place    | Note
-------+----------+-------------------------------------------
     0 | D:1      | Da5id the Demonspawn Gladiator began the quest for the Orb.
     0 | D:1      | Reached XP level 1. HP: 16/16 MP: 1/1
   458 | D:1      | Reached skill level 3 in Unarmed Combat
   893 | D:1      | Gained mutation: You have sharp fingernails. [demonic ancestry]
   893 | D:1      | Reached XP level 2. HP: 15/22 MP: 2/2
  1587 | D:1      | Gained mutation: You are slightly more attuned to the shadows. [demonic ancestry]
  1587 | D:1      | Reached XP level 3. HP: 27/27 MP: 3/3
  1804 | D:1      | Reached skill level 4 in Unarmed Combat
  2431 | D:2      | Reached XP level 4. HP: 31/33 MP: 4/4
  3391 | D:3      | Noticed Ijyb
  3399 | D:3      | Killed Ijyb
  3399 | D:3      | Reached skill level 5 in Unarmed Combat
  3451 | D:3      | Reached XP level 5. HP: 12/38 MP: 5/5
  4113 | D:3      | Noticed Sigmund
  4116 | D:3      | Noticed Natasha
  4143 | D:3      | Slain by Sigmund

Vault maps used:
D:1:      kennysheep_arrival_seaside
D:2:      serial_bayou_pond_d
D:3:      first_bread, uniq_sigmund, uniq_iyjb, uniq_natasha

Skill      XL: |  1  2  3  4 |
---------------+-------------+-----
Unarmed Combat | 3 4 5 |  5.7
Fighting       | |  2.0
Throwing       | |  1.7
Dodging        | |  2.6

Action                   |  1- 3 |  4- 6 || total
-------------------------+-------+-------++-------
Melee: Unarmed           |   145 |   134 ||   279
       Punch             |     1 |       ||     1
  Use: Scroll            |     2 |     2 ||     4
       Potion            |       |     3 ||     3
 Stab: Sleeping          |     5 |     8 ||    13
       Distracted        |     1 |       ||     1
  Eat: Chunk             |     5 |     4 ||     9
       Beef jerky        |       |     1 ||     1
Armor: Leather armour    |    31 |    24 ||    55
Dodge: Dodged            |    93 |    61 ||   154
